 Dungeon Crawl Stone Soup version 0.21-a0-584-g185da8e (webtiles) character file.

7537 empire the Covered (level 11, -2/84 HPs)
             Began as a Gnoll Wanderer on Dec 20, 2017.
             Was a Believer of Nemelex Xobeh.
             Slain by a gnoll
             ... wielding a +0 halberd of electrocution
              (6 damage)
             ... in a bailey.
             The game lasted 00:28:05 (11273 turns).

empire the Covered (Gnoll Wanderer)                Turns: 11273, Time: 00:28:07

Health: -2/84      AC: 15    Str: 16    XL:     11   Next: 16%
Magic:  19/19      EV: 13    Int: 19    God:    Nemelex Xobeh [**....]
Gold:   335        SH:  6    Dex: 16    Spells: 9/21 levels left

rFire    . . .     SeeInvis .   a - +1 mace (venom)
rCold    . . .     Gourm    .   w - +0 buckler
rNeg     . . .     Faith    .   j - +2 scale mail
rPois    +         Spirit   .   C - +0 helmet
rElec    .         Reflect  .   (no cloak)
rCorr    .         Harm     .   i - +1 pair of gloves
MR       .....                  k - +0 pair of boots
Stlth    ++........             (no amulet)
HPRegen  0.24/turn              r - ring of the Failed Coup {rPois Int+4 Slay+3}
MPRegen  0.16/turn              (no ring)

@: no status effects
A: distributed training, fangs 1, strong nose
a: Renounce Religion


You were in a bailey.
You worshipped Nemelex Xobeh.
Nemelex Xobeh was pleased with you.
You were not hungry.

You visited 1 branch of the dungeon, and saw 9 of its levels.
You also visited: Bailey.

You collected 368 gold pieces.
You spent 33 gold pieces at shops.

Inventory:

Hand Weapons
 a - a +1 mace of venom (weapon)
 b - a +3 dagger of venom
 h - a +0 antimagic spear
 s - a +2 dagger of freezing
 t - a +0 spear of venom
 x - a cursed -3 hand axe
 B - a +6 mace of protection
 F - a +0 halberd
 P - a +2 halberd of electrocution
 Q - a +1 halberd of electrocution
 S - a +0 halberd of electrocution
 T - a +1 halberd of electrocution
 U - a +2 halberd of electrocution
Missiles
 v - 58 tomahawks of returning (quivered)
Armour
 i - a +1 pair of gloves (worn)
 j - a +2 scale mail (worn)
 k - a +0 pair of boots (worn)
 m - a +2 hat
 w - a +0 buckler (worn)
 y - a +1 ring mail of magic resistance
 C - a +0 helmet (worn)
 D - a +0 plate armour
 H - the +0 leather armour of Eternity {rC- Int+4 Dex+4}
   (You found it on level 6 of the Dungeon)

   It affects your intelligence (+4).
   It affects your dexterity (+4).
   It makes you vulnerable to cold.
 J - +0 ice dragon scales
Jewellery
 r - the ring of the Failed Coup (left hand) {rPois Int+4 Slay+3}
   (You found it on level 8 of the Dungeon)

   [ring of intelligence]

   It affects your intelligence (+4).
   It affects your accuracy and damage with ranged weapons and melee attacks
   (+3).
   It protects you from poison.
Wands
 z - a wand of scattershot (4)
 G - a wand of paralysis (20)
Scrolls
 g - 6 scrolls of remove curse
 l - 2 scrolls of enchant weapon
 o - 2 scrolls of amnesia
 q - 5 scrolls of teleportation
 L - a scroll of enchant armour
 V - a scroll of acquirement {unknown}
Potions
 d - 3 potions of lignification
 e - 2 potions of berserk rage
 n - 2 potions of mutation {unknown}
 u - 2 potions of flight
 A - 17 potions of degeneration
 E - a potion of brilliance {unknown}
 O - 4 potions of might
 R - 4 potions of curing
Books
 p - a book of Minor Magic

   Spells                             Type                      Level
   a - Magic Dart                     Conjuration                  1
   b - Blink                          Translocation                2
   c - Call Imp                       Summoning                    2
   d - Slow                           Hexes                        2
   e - Conjure Flame                  Conjuration/Fire             3
   f - Mephitic Cloud                 Conjuration/Poison/Air       3
Miscellaneous
 I - a plain deck of destruction {drawn: 5}
 K - a plain deck of destruction
 M - a plain deck of summoning {drawn: 2}
 N - a plain deck of destruction
Comestibles
 c - 12 chunks of flesh
 f - 12 rations


   Skills:
 + Level 7.6 Fighting
 + Level 6.5 Short Blades
 + Level 5.9 Long Blades
 + Level 7.6 Axes
 + Level 5.9 Maces & Flails
 + Level 5.9 Polearms
 + Level 5.9 Staves
 + Level 5.9 Slings
 + Level 5.9 Bows
 + Level 5.9 Crossbows
 + Level 7.6 Throwing
 + Level 7.6 Armour
 + Level 5.9 Dodging
 + Level 6.4 Stealth
 + Level 5.9 Shields
 + Level 5.9 Unarmed Combat
 + Level 5.9 Spellcasting
 + Level 4.9 Conjurations
 + Level 4.9 Hexes
 + Level 4.9 Charms
 + Level 4.9 Summonings
 + Level 4.9 Necromancy
 + Level 4.9 Translocations
 + Level 4.9 Transmutations
 + Level 4.9 Fire Magic
 + Level 4.9 Ice Magic
 + Level 4.9 Air Magic
 + Level 4.9 Earth Magic
 + Level 4.9 Poison Magic
 + Level 6.5 Invocations
 + Level 5.9 Evocations


You had 9 spell levels left.
You knew the following spells:

 Your Spells              Type           Power        Failure   Level  Hunger
a - Blink                 Tloc           N/A          7%          2    None
b - Call Imp              Summ           ###.....     7%          2    None
c - Slow                  Hex            ###.....     7%          2    None
d - Conjure Flame         Conj/Fire      ###.....     14%         3    ##.....
e - Mephitic Cloud        Conj/Pois/Air  ###.....     14%         3    ##.....


Dungeon Overview and Level Annotations

Branches:
Dungeon (9/15)
 Temple: D:4-7         Lair: D:8-11         Orc: D:9-12

Altars:
Ashenzari
Elyvilon
Fedhas
Kikubaaqudgha
Makhleb
Nemelex Xobeh
Okawaru
Trog
Uskayaw
Vehumet
Xom
Zin
The Shining One

Shops:
D:6 *

Annotations:
D:4 Sigmund
D:8 exclusion: oklob plant


Innate Abilities, Weirdness & Mutations

Your experience applies equally to all skills.
You have very sharp teeth.
Your uncanny sense of smell can sniff out nearby items.


Message History

The gnoll misses you.
R - 4 potions of curing (gained 2)
You block the gnoll's attack. The gnoll barely misses you.
There is an open door here.
You see here a halberd.
You barely miss the gnoll. The gnoll misses you. x2
You hit the gnoll.
The gnoll is poisoned.
The gnoll is lightly wounded.
The gnoll hits you with a halberd of electrocution.
You are electrocuted!
* * * LOW HITPOINT WARNING * * *
You block the gnoll's attack.
You hit the gnoll.
The gnoll is moderately wounded.
The gnoll hits you with a halberd of electrocution.
* * * LOW HITPOINT WARNING * * *
The gnoll hits you from afar with a halberd of electrocution.
You die...
Your body glows slightly and disappears.

##### ### ##
#g@(###.# #.#
#g###)##'##'#
.. ##.....#
...
###.÷...###
..⌠.
#.'..⌠..'.#
....g
###.÷÷..### .
∆gK# #..†).##
#g#
#'##'##'##
#o#.# #.###.#


You could see 2 gnolls.

Vanquished Creatures
  Gastronok (D:8)
  A two-headed ogre (D:7)
  A manticore (Bailey)
  Prince Ribbit (D:7)
  A spriggan (D:8)
  3 yaks (D:9)
  2 hungry ghosts
  A water moccasin (D:6)
  2 black bears (D:7)
  An eye of draining (D:9)
  4 ogres
  5 ice beasts
  A necrophage (D:9)
  A centaur (D:8)
  A bullfrog (D:8)
  2 scorpions
  24 killer bees
  A bullfrog zombie (D:8)
  A crimson imp (D:5)
  2 bullfrog skeletons
  A hound (D:4)
  4 orc priests
  7 orc wizards
  Jessica (D:2)
  Ijyb (D:3)
  6 iguanas
  A worker ant (D:5)
  A killer bee zombie (D:6)
  A hound zombie (D:5)
  A hound skeleton (D:7)
  2 worker ant zombies
  Robin (D:3)
  33 gnolls
  13 adders
  3 shadow imps
  3 oozes
  An adder zombie (D:9)
  An adder skeleton (D:8)
  4 worms
  2 dart slugs
  4 leopard geckos
  29 orcs
  8 bats
  9 giant cockroaches
  17 hobgoblins
  8 jackals
  A quokka (D:3)
  A ball python (D:5)
  4 frilled lizards
  15 goblins
  A jackal skeleton (D:4)
  18 kobolds
  A leopard gecko zombie (D:7)
  7 rats
  2 plants (D:8)
268 creatures vanquished.

Vanquished Creatures (collateral kills)
  A vampire (D:9)
1 creature vanquished.

Vanquished Creatures (others)
  5 plants (D:8)
  13 toadstools (D:8)
18 creatures vanquished.

Grand Total: 287 creatures vanquished

Notes
Turn   | Place    | Note
-------+----------+-------------------------------------------
     0 | D:1      | empire the Gnoll Wanderer began the quest for the Orb.
     0 | D:1      | empire set off with: a +2 scale mail, a potion of lignification, a potion of curing, a +0 dagger, a ration
     0 | D:1      | Reached XP level 1. HP: 20/20 MP: 1/1
   147 | D:1      | Reached XP level 2. HP: 18/26 MP: 2/2
   840 | D:2      | Reached XP level 3. HP: 31/31 MP: 3/3
   855 | D:2      | Reached skill level 1 in Invocations
   859 | D:2      | Reached skill level 1 in Long Blades
   859 | D:2      | Reached skill level 1 in Maces & Flails
   859 | D:2      | Reached skill level 1 in Polearms
   859 | D:2      | Reached skill level 1 in Staves
   859 | D:2      | Reached skill level 1 in Slings
   859 | D:2      | Reached skill level 1 in Bows
   859 | D:2      | Reached skill level 1 in Crossbows
   859 | D:2      | Reached skill level 1 in Dodging
   859 | D:2      | Reached skill level 1 in Shields
   859 | D:2      | Reached skill level 1 in Unarmed Combat
   859 | D:2      | Reached skill level 1 in Spellcasting
   859 | D:2      | Reached skill level 1 in Evocations
   875 | D:2      | Reached XP level 4. HP: 12/38 MP: 5/5
  1127 | D:2      | Noticed Jessica
  1142 | D:2      | Killed Jessica
  1142 | D:2      | Reached skill level 1 in Conjurations
  1142 | D:2      | Reached skill level 1 in Hexes
  1142 | D:2      | Reached skill level 1 in Charms
  1142 | D:2      | Reached skill level 1 in Summonings
  1142 | D:2      | Reached skill level 1 in Necromancy
  1142 | D:2      | Reached skill level 1 in Translocations
  1142 | D:2      | Reached skill level 1 in Transmutations
  1142 | D:2      | Reached skill level 1 in Fire Magic
  1142 | D:2      | Reached skill level 1 in Ice Magic
  1142 | D:2      | Reached skill level 1 in Air Magic
  1142 | D:2      | Reached skill level 1 in Earth Magic
  1142 | D:2      | Reached skill level 1 in Poison Magic
  1386 | D:2      | Reached XP level 5. HP: 43/43 MP: 6/6
  1483 | D:2      | Found a burning altar of Makhleb.
  1545 | D:2      | Found a shimmering altar of Xom.
  1606 | D:2      | Found a radiant altar of Vehumet.
  2039 | D:3      | Noticed an ogre
  2041 | D:3      | Found an iron altar of Okawaru.
  2057 | D:3      | Killed an ogre
  2057 | D:3      | Reached XP level 6. HP: 30/50 MP: 8/8
  2462 | D:3      | Reached skill level 5 in Fighting
  2462 | D:3      | Reached skill level 5 in Axes
  2462 | D:3      | Reached skill level 5 in Throwing
  2462 | D:3      | Reached skill level 5 in Armour
  2828 | D:3      | Noticed Ijyb
  2837 | D:3      | Killed Ijyb
  2857 | D:3      | Noticed Robin
  2888 | D:3      | Killed Robin
  2888 | D:3      | Reached XP level 7. HP: 43/56 MP: 10/10
  3026 | D:3      | Found a glowing golden altar of the Shining One.
  3773 | D:4      | Found a glowing silver altar of Zin.
  3847 | D:4      | Noticed Sigmund
  3871 | D:5      | Entered Level 5 of the Dungeon
  3984 | D:5      | Found a sparkling altar of Nemelex Xobeh.
  3992 | D:5      | Became a worshipper of Nemelex Xobeh the Trickster
  4025 | D:5      | Found a hide-covered altar of Uskayaw.
  4073 | D:5      | Received a gift from Nemelex Xobeh
  4189 | D:5      | Reached XP level 8. HP: 45/63 MP: 12/12
  4475 | D:5      | Learned a level 2 spell: Blink
  4478 | D:5      | Learned a level 2 spell: Call Imp
  4481 | D:5      | Learned a level 2 spell: Slow
  4485 | D:5      | Learned a level 3 spell: Conjure Flame
  4489 | D:5      | Learned a level 3 spell: Mephitic Cloud
  4684 | D:5      | Received a gift from Nemelex Xobeh
  5166 | D:6      | Reached * piety under Nemelex Xobeh
  5241 | D:6      | Got a transparent leather armour
  5242 | D:6      | Identified the +0 leather armour of Eternity {rC- Int+4 Dex+4} (You found it on level 6 of the Dungeon)
  5250 | D:6      | Found Qishaq Duulu's General Store.
  5257 | D:6      | Bought a scroll of remove curse for 33 gold pieces
  5750 | D:7      | Noticed a two-headed ogre
  5752 | D:7      | Received a gift from Nemelex Xobeh
  5764 | D:7      | Killed a two-headed ogre
  5764 | D:7      | Reached XP level 9. HP: 38/69 MP: 12/14
  5907 | D:7      | Found a bloodstained altar of Trog.
  6430 | D:7      | Reached skill level 5 in Short Blades
  7155 | D:7      | Reached skill level 5 in Stealth
  7186 | D:7      | Noticed Prince Ribbit
  7202 | D:7      | Killed Prince Ribbit
  7462 | D:7      | Reached skill level 5 in Invocations
  7866 | D:8      | Reached XP level 10. HP: 45/77 MP: 15/17
  8203 | D:8      | Noticed Gastronok
  8230 | D:8      | Killed Gastronok
  8230 | D:8      | Reached skill level 5 in Long Blades
  8230 | D:8      | Reached skill level 5 in Maces & Flails
  8230 | D:8      | Reached skill level 5 in Polearms
  8230 | D:8      | Reached skill level 5 in Staves
  8230 | D:8      | Reached skill level 5 in Slings
  8230 | D:8      | Reached skill level 5 in Bows
  8230 | D:8      | Reached skill level 5 in Crossbows
  8230 | D:8      | Reached skill level 5 in Dodging
  8230 | D:8      | Reached skill level 5 in Shields
  8230 | D:8      | Reached skill level 5 in Unarmed Combat
  8230 | D:8      | Reached skill level 5 in Spellcasting
  8230 | D:8      | Reached skill level 5 in Evocations
  8596 | D:8      | Found a blossoming altar of Fedhas.
  8852 | D:8      | Noticed an oklob plant
  9045 | D:8      | Found a white marble altar of Elyvilon.
  9051 | D:8      | Received a gift from Nemelex Xobeh
  9336 | D:8      | Found a shattered altar of Ashenzari.
  9665 | D:8      | Reached ** piety under Nemelex Xobeh
  9702 | D:8      | Got an ancient bone ring
  9703 | D:8      | Identified the ring of the Failed Coup {rPois Int+4 Slay+3} (You found it on level 8 of the Dungeon)
 10107 | D:8      | Found an ancient bone altar of Kikubaaqudgha.
 10385 | D:9      | Reached XP level 11. HP: 29/84 MP: 19/19
 10556 | D:9      | Found a flagged portal.
 10594 | D:9      | HP: 3/84 [something (6)]
 10650 | Bailey   | Entered a bailey
 11031 | Bailey   | Noticed an orc knight
 11242 | Bailey   | Noticed a manticore
 11242 | Bailey   | an orc knight changed into a manticore
 11248 | Bailey   | Killed a manticore
 11273 | Bailey   | HP: 4/84 [gnoll/halberd of electrocution (5)]
 11273 | Bailey   | Slain by a gnoll

Vault maps used:
D:1:      mrwooster_arrival_statue_3
D:2:      nicolae_overflow_crystal_walls, lemuel_doored_altar,
          marbit_many_paths, minmay_tetromino_t4, uniq_jessica
D:3:      nicolae_overflow_hidden_temple, okawaru_trees_2,
          roderic_cross_of_infinity, uniq_robin, uniq_ijyb
D:4:      zin_scriptorium, temple_hall, first_ration, sigmund_army
D:5:      overflow_temple_1_default, nemelex_xobeh_ov_fountains_minmay
D:6:      serial_shops, shop
D:7:      trog_ov_bears_minmay, uniq_prince_ribbit1
D:8:      kiku_gazebo_garden_becter, kennysheep_mini_moat, kennysheep_mini,
          the_bakery, tgw_fedhas, uniq_gastronok
D:9:      serial_column_ruins, column_ruins_square_small,
          column_ruins_square_huge, column_ruins_grid_3, column_ruins_grid_2,
          column_ruins_corridor_straight, column_ruins_open_small,
          column_ruins_open_large, enter_bailey_7
Bailey:   bailey_axe_2, bailey

Skill      XL: |  1  2  3  4  5  6  7  8  9 10 |
---------------+-------------------------------+-----
Invocations    | 1 2 3 4 5 6 |  6.5
Long Blades    | 1 2 3 4 5 |  5.9
Maces & Flails | 1 2 3 4 5 |  5.9
Polearms       | 1 2 3 4 5 |  5.9
Staves         | 1 2 3 4 5 |  5.9
Slings         | 1 2 3 4 5 |  5.9
Bows           | 1 2 3 4 5 |  5.9
Crossbows      | 1 2 3 4 5 |  5.9
Dodging        | 1 2 3 4 5 |  5.9
Shields        | 1 2 3 4 5 |  5.9
Unarmed Combat | 1 2 3 4 5 |  5.9
Spellcasting   | 1 2 3 4 5 |  5.9
Evocations     | 1 2 3 4 5 |  5.9
Conjurations   | 1 2 3 4 |  4.9
Hexes          | 1 2 3 4 |  4.9
Charms         | 1 2 3 4 |  4.9
Summonings     | 1 2 3 4 |  4.9
Necromancy     | 1 2 3 4 |  4.9
Translocations | 1 2 3 4 |  4.9
Transmutations | 1 2 3 4 |  4.9
Fire Magic     | 1 2 3 4 |  4.9
Ice Magic      | 1 2 3 4 |  4.9
Air Magic      | 1 2 3 4 |  4.9
Earth Magic    | 1 2 3 4 |  4.9
Poison Magic   | 1 2 3 4 |  4.9
Short Blades   | 3 4 5 6 |  6.5
Stealth        | 3 4 5 6 |  6.4
Fighting       | 5 6 7 |  7.6
Axes           | 5 6 7 |  7.6
Throwing       | 5 6 7 |  7.6
Armour         | 5 6 7 |  7.6

Action                   |  1- 3 |  4- 6 |  7- 9 | 10-12 || total
-------------------------+-------+-------+-------+-------++-------
Melee: Dagger            |    62 |     2 |       |       ||    64
       Bite              |    16 |    19 |    44 |    44 ||   123
       Mace              |    50 |   171 |   424 |   396 ||  1041
       Punch             |       |     1 |     1 |       ||     2
Evoke: Deck              |       |       |       |     7 ||     7
  Use: Potion            |     2 |     1 |     3 |     9 ||    15
       Scroll            |       |     5 |     4 |     4 ||    13
 Stab: Sleeping          |       |       |       |     3 ||     3
  Eat: Chunk             |       |     7 |    11 |    11 ||    29
       Ration            |       |       |     1 |     3 ||     4
Armor: Scale mail        |    73 |   106 |   310 |   157 ||   646
       Skin              |       |       |       |     9 ||     9
Dodge: Dodged            |    65 |    96 |   345 |   296 ||   802
Block: Buckler           |       |       |    37 |   102 ||   139

Table legend:
 A = Spawn XP
 B = Non-spawn XP
 C = Spawn XP percentage of total XP
 D = Spawn monster count
 E = Non-spawn monster count
 F = Spawn count percentage of total count
 G = Total turns spent on level
                    A         B        C        D         E        F      G
               +---------+---------+-------+---------+---------+-------+---------
         Total |       0 |   10768 |   0.0 |       0 |     267 |   0.0 | 11273
               +---------+---------+-------+---------+---------+-------+---------
           D:1 |       0 |      27 |   0.0 |       0 |      13 |   0.0 |   799
           D:2 |       0 |     179 |   0.0 |       0 |      36 |   0.0 |  1138
           D:3 |       0 |     545 |   0.0 |       0 |      61 |   0.0 |  1727
           D:4 |       0 |      79 |   0.0 |       0 |       3 |   0.0 |   207
           D:5 |       0 |     552 |   0.0 |       0 |      28 |   0.0 |  1043
           D:6 |       0 |     321 |   0.0 |       0 |       4 |   0.0 |   794
           D:7 |       0 |    2842 |   0.0 |       0 |      29 |   0.0 |  2124
           D:8 |       0 |    4055 |   0.0 |       0 |      45 |   0.0 |  2488
           D:9 |       0 |    1456 |   0.0 |       0 |      17 |   0.0 |   330
        Bailey |       0 |     712 |   0.0 |       0 |      31 |   0.0 |   623
               +---------+---------+-------+---------+---------+-------+---------
